 Dungeon Crawl Stone Soup version 0.20-a0-1074-g6a0a8e1 (webtiles) character file.

505719 FastMan the Slayer (level 23, -22/242 HPs)
             Began as a Deep Dwarf Fighter on Apr 29, 2017.
             Was the Champion of Makhleb.
             Annihilated by an Orb Guardian (33 damage)
             ... on level 5 of the Realm of Zot.
             The game lasted 00:48:20 (27955 turns).

FastMan the Slayer (Deep Dwarf Fighter)            Turns: 27955, Time: 00:48:20

Health: -22/242    AC: 35    Str: 22    XL:     23   Next: 51%
Magic:  12/12      EV: 23    Int: 10    God:    Makhleb [******]
Gold:   265        SH:  0    Dex: 24    Spells: 22/22 levels left

rFire    + + .     SeeInvis +   a - +4 battleaxe (chop)
rCold    + . .     Gourm    .   (shield currently unavailable)
rNeg     + . .     Faith    +   P - +5 gold dragon scales
rPois    +         Spirit   .   z - +2 helmet {SInv}
rElec    .         Reflect  .   x - +2 cloak
rCorr    .         Harm     .   N - +0 pair of fencer's gloves {+Riposte Dex+3}
MR       +++..                  b - +1 pair of boots
Stlth    ..........             F - amulet "Ahiosubi" {Faith Int-3 Dex+3 Stlth+}
Regen    0.0/turn               f - ring of protection from fire
MPRegen  0.2/turn               v - +6 ring of evasion

@: non-regenerating, hasted, very quick
A: damage resistance, heal wounds, clever 1, deformed body, negative energy
resistance 1, sense surroundings 3, MP-powered wands, no regeneration
}: 4/15 runes: barnacled, silver, abyssal, gossamer
a: Heal Wounds, Minor Destruction, Lesser Servant of Makhleb, Major Destruction,
Greater Servant of Makhleb, Renounce Religion


You were on level 5 of the Realm of Zot.
You worshipped Makhleb.
Makhleb was exalted by your worship.
You were not hungry.

You visited 7 branches of the dungeon, and saw 44 of its levels.
You visited the Abyss 1 time.
You visited 1 bazaar.

You collected 3061 gold pieces.
You spent 2796 gold pieces at shops.

Inventory:

Hand Weapons
 a - a +4 battleaxe of chopping (weapon)
Armour
 b - a +1 pair of boots (worn)
 x - a +2 cloak (worn)
 z - a +2 helmet of see invisible (worn)
 N - the +0 pair of fencer's gloves (worn) {+Riposte Dex+3}
   (You found it on level 4 of the Shoals)

   It affects your dexterity (+3).
 P - +5 gold dragon scales (worn)
Jewellery
 e - the ring "Intuob" {+Fly rElec rN+++ Str+3 Int-2}
   (You found it on level 5 of the Lair of Beasts)

   [ring of flight]

   It affects your strength (+3).
   It affects your intelligence (-2).
   It insulates you from electricity.
   It renders you almost immune to negative energy.
   It lets you fly.
 f - a ring of protection from fire (left hand)
 v - a +6 ring of evasion (right hand)
 F - the amulet "Ahiosubi" (around neck) {Faith Int-3 Dex+3 Stlth+}
   (You found it on level 5 of the Lair of Beasts)

   [amulet of faith]

   It allows you to gain divine favour quickly.
   It affects your intelligence (-3).
   It affects your dexterity (+3).
   It makes you more stealthy.
 H - a +3 ring of protection
Scrolls
 d - a scroll of brand weapon
 g - 15 scrolls of remove curse {@r2}
 h - 8 scrolls of teleportation {@r3}
 q - 3 scrolls of blinking {@r4}
 A - 5 scrolls of fear
 E - a scroll of silence
 I - a scroll of summoning
 J - 7 scrolls of fog
 K - 3 scrolls of identify {@r1}
Potions
 c - a potion of resistance
 i - 13 potions of curing {@q1}
 j - 5 potions of mutation
 l - 6 potions of agility {@q5}
 m - 6 potions of brilliance {@q6}
 s - 3 potions of ambrosia
 t - 11 potions of heal wounds {@q2}
 B - 4 potions of haste {@q3}
 D - 4 potions of cancellation
 G - 3 potions of magic
 L - 2 potions of might {@q4}
 M - 2 potions of invisibility
Miscellaneous
 u - 3 phantom mirrors
Comestibles
 k - 7 chunks of flesh
 o - 13 fruits {@e4}
 p - 12 meat rations {@e2}
 w - 16 royal jellies {@e3}
 y - 11 bread rations {@e1}


   Skills:
 * Level 21.8 Fighting
 - Level 20.4 Axes
 + Level 20.9 Armour
 + Level 18.7 Dodging
   Level 3.2 Shields
 - Level 15.6 Invocations


You had 22 spell levels left.
You didn't know any spells.

Dungeon Overview and Level Annotations

Branches:
Dungeon (15/15)            Temple (0/1) D:7            Lair (6/6) D:10
 Shoals (4/4) Lair:4       Spider (4/4) Lair:3        Slime (0/5) Lair:6
    Orc (0/2) D:12         Vaults (5/5) D:13          Crypt (0/3) Vaults:2
 Depths (5/5) D:15            Zot (5/5) Depths:5

Altars:
Cheibriados
Dithmenos
Fedhas
Gozag
Hepliaklqana
Kikubaaqudgha
Makhleb
Ru
Trog
Vehumet
Zin

Shops:
D:9 [   Vaults:4 (   Depths:1 =*   Depths:3 ?[!

Portals:
Hell: Depths:2 Depths:4 Depths:5
Abyss: Depths:1 Depths:4
Pandemonium: Depths:3 Depths:5
Trove: D:11 (give 19 potions of curing)

Annotations:
D:4 exclusion: statue
Depths:2 exclusion: downstairs
Depths:3 MajorBinkx's ghost, veteran FoAK


Innate Abilities, Weirdness & Mutations

You are resistant to damage.
You can heal yourself by infusing magical energy.
You resist negative energy. (rN+)
You passively map a large area around you.
You do not regenerate.
Your mind is acute. (Int +2)
Armour fits poorly on your strangely shaped body.
You expend magic power (3 MP) to strengthen your wands.


Message History

You slash the Orb Guardian!
The Orb Guardian is severely wounded.
You closely miss the Orb Guardian.
The Orb Guardian hits you but does no damage.
The Orb Guardian misses you.
The Orb Guardian hits you but does no damage.
The Orb Guardian hits you!!
You are too injured to fight recklessly!
You are too injured to fight recklessly!
Unknown command.
Okay, then.
Okay, then.
Okay, then.
You feel yourself speed up. The Orb Guardian hits you!!!
* * * LOW HITPOINT WARNING * * *
The Orb Guardian hits you!!
* * * LOW HITPOINT WARNING * * *
You hear a distant "Zot"!
The Orb Guardian completely misses you. The Orb Guardian hits you!!!
You die...

###########....# #
######################.......####
........⌠........................
.................................
##############L....#######...###.
##############.......#####...# #.
.............................####
...............X.............#...
..........<...yX@.............(..
###...######...#########.........
##### ####...# #......###
#..[...# #...#### #.###### #####
########.######* **
#.?............. , , ,
##.............# , , ,
#.............# * ,, ,


You could see an ancient lich, 2 Orb Guardians and a moth of wrath.

Vanquished Creatures
  3 ancient liches (Zot:5)
  2 juggernauts (Depths:4)
  Saint Roka (Vaults:2)
  Margery (Depths:5)
  A caustic shrike (Depths:4)
  Jory (Depths:4)
  10 golden dragons
  A bone dragon (Depths:5)
  2 hellephants (Abyss:4)
  3 tentacled monstrosities
  3 liches
  2 titans
  5 Orb Guardians (Zot:5)
  2 quicksilver dragons
  9 large abominations
  A tentacled starspawn (Abyss:4)
  3 death cobs
  7 sphinxes
  8 shadow dragons
  4 storm dragons
  3 fire giants
  A revenant (Vaults:2)
  8 tengu reavers
  9 vault wardens
  2 draconian scorchers
  2 iron dragons (Depths:4)
  8 frost giants
  A balrug (Depths:5)
  5 ghost moths
  4 emperor scorpions
  A draconian shifter (Abyss:4)
  A draconian stormcaller (Zot:2)
  8 ironheart preservers
  A deep elf elementalist (Depths:4)
  A spriggan defender (Depths:4)
  16 stone giants
  A war gargoyle (Vaults:5)
  2 draconian annihilators
  3 entropy weavers
  4 vampire knights
  An ophan (Abyss:4)
  16 very ugly things
  2 white draconians
  6 black draconians
  Azrael (D:15)
  2 deep elf demonologists (Vaults:5)
  5 green draconians
  12 spark wasps
  7 dire elephants (Abyss:4)
  3 red draconians
  2 yellow draconians
  A purple draconian (Zot:2)
  A deep elf death mage (Vaults:5)
  An eidolon (Vaults:2)
  A green death (Abyss:4)
  Snorg (Lair:4)
  6 ettins
  6 merfolk impalers
  A deep elf high priest (Depths:5)
  11 fire dragons
  7 great orbs of eyes
  Josephine (D:15)
  18 yaktaur captains
  An ice dragon (shapeshifter) (Depths:4)
  2 hydras
  Erolcha (D:12)
  3 rakshasas
  28 vault guards
  6 ice dragons
  Fannar (D:12)
  13 ogre magi
  2 death knights
  10 centaur warriors
  An alligator snapping turtle (Shoals:4)
  2 vampire magi
  9 deep troll shamans
  3 death yaks (Lair:6)
  3 tengu warriors
  34 two-headed ogres
  5 deep troll earth magi
  3 thrashing horrors (Abyss:4)
  3 spriggan berserkers
  Urug (Lair:4)
  6 deep elf knights
  A sun demon (Depths:4)
  4 hell knights
  5 shadow wraiths
  A titan skeleton (Depths:2)
  A fire crab (shapeshifter) (Depths:1)
  A salamander mystic (Depths:4)
  An iron troll (Depths:5)
  2 wretched stars (Abyss:4)
  12 skeletal warriors
  A spatial maelstrom (Abyss:4)
  7 unseen horrors
  3 flayed ghosts
  2 unseen horrors (shapeshifter)
  A storm dragon skeleton (Depths:1)
  8 deep elf archers
  6 sea snakes
  27 deep trolls
  5 phantasmal warriors
  A glowing orange brain (Vaults:2)
  Pikel (D:6)
  14 harpies
  A harpy (shapeshifter) (Depths:2)
  7 necromancers
  3 lindwurms (Lair:6)
  15 orc knights
  14 ironbrand convokers
  9 orb spiders
  9 deep elf magi
  16 wolf spiders
  2 fire giant zombies
  9 cyclopes
  3 salamanders (Depths:4)
  2 oklob plants (Lair:5)
  An orc sorcerer (Vaults:4)
  35 ugly things
  8 manticores
  A faun (shapeshifter) (Vaults:4)
  A merfolk siren (Shoals:2)
  5 moths of wrath
  4 black mambas
  10 elephants
  2 torpor snails (Lair:6)
  3 centaur zombies
  12 vault sentinels
  2 human skeletons
  An orange demon (Depths:5)
  2 water nymphs (Shoals:2)
  8 spiny frogs
  A spriggan skeleton (Depths:1)
  A guardian serpent (shapeshifter) (Depths:5)
  2 smoke demons
  2 kobold demonologists
  A rime drake (shapeshifter) (Vaults:3)
  47 yaktaurs
  3 rime drakes
  11 demonic crawlers
  An efreet (D:13)
  A yaktaur (shapeshifter) (Vaults:5)
  A yaktaur skeleton (Vaults:4)
  A yaktaur zombie (Vaults:4)
  9 komodo dragons
  2 tengu conjurers
  4 freezing wraiths
  2 queen bees (shapeshifter)
  A hellwing (Depths:5)
  3 ancient zymes (Abyss:4)
  11 trolls
  A wind drake (shapeshifter) (Vaults:2)
  21 jumping spiders
  A polar bear (Lair:5)
  15 merfolk
  A jumping spider (shapeshifter) (Vaults:4)
  A raiju (shapeshifter) (Depths:2)
  7 hornets
  A hornet (shapeshifter) (Vaults:4)
  A spriggan zombie (Depths:1)
  13 blink frogs
  7 raiju (Abyss:4)
  A slime creature (shapeshifter) (Vaults:4)
  15 dream sheep
  A blink frog (shapeshifter) (D:13)
  11 hippogriffs
  41 slime creatures
  A human simulacrum (Vaults:3)
  2 frost giant simulacra
  A redback (shapeshifter) (Depths:4)
  A flying skull (Abyss:4)
  2 centaur simulacra
  3 spriggans (Depths:2)
  A shadow (D:13)
  29 tarantellas
  30 yaks
  2 ynoxinuls (Abyss:4)
  2 tarantellas (shapeshifter)
  5 water elementals
  4 wraiths
  6 basilisks
  48 redbacks
  A human (shapeshifter) (Depths:3)
  A basilisk (shapeshifter) (Vaults:2)
  2 spriggans (shapeshifter)
  A wyvern (D:13)
  3 hungry ghosts
  2 neqoxecs (Abyss:4)
  2 fire elementals (D:15)
  3 chaos spawn
  A golden eye (shapeshifter) (Depths:1)
  Menkaure (D:6)
  5 vampire mosquitoes
  A yaktaur simulacrum (Vaults:2)
  3 spatial vortices (Abyss:4)
  6 wargs
  2 swamp worms (D:12)
  An acid dragon (D:8)
  12 water moccasins
  5 porcupines
  A floating eye (Depths:5)
  4 hell hounds (D:15)
  An elf simulacrum (Depths:2)
  26 orc warriors
  4 human zombies
  8 ice beasts
  2 sky beasts
  A slave (D:6)
  21 ogres
  3 black bears
  A black bear (shapeshifter) (Vaults:2)
  2 phantoms
  A wolf (shapeshifter) (D:15)
  2 eyes of draining
  3 wolves
  17 centaurs
  A tengu (shapeshifter) (Vaults:1)
  13 crocodiles
  8 big kobolds
  15 bullfrogs
  A wyvern zombie (D:11)
  A deep troll simulacrum (Vaults:3)
  A water moccasin zombie (D:11)
  3 scorpions
  7 killer bees (D:9)
  12 wights
  3 electric eels
  9 crimson imps
  4 howler monkeys
  2 bullfrog zombies (D:10)
  10 small abominations
  5 jellies
  3 quasits
  11 orc priests
  9 hounds
  18 orc wizards
  2 bullfrog skeletons
  4 centaur skeletons
  2 iguanas
  Jessica (D:3)
  8 worker ants
  A bullfrog simulacrum (D:12)
  19 adders
  A howler monkey skeleton (D:7)
  3 shadow imps
  5 white imps (D:12)
  4 oozes
  3 adder skeletons
  14 worms
  A dart slug (D:3)
  3 leopard geckos
  65 orcs
  6 bats
  4 giant cockroaches
  5 goblins
  7 hobgoblins
  17 jackals
  3 quokkas
  A ball python skeleton (D:6)
  A giant cockroach zombie (D:5)
  A jackal skeleton (D:8)
  14 kobolds
  A leopard gecko zombie (D:8)
  11 rats
  3 crawling corpses
  2 fungi (Lair:4)
  6 plants
1570 creatures vanquished.

Vanquished Creatures (collateral kills)
  A tentacled monstrosity (Zot:2)
  An entropy weaver (Vaults:1)
  A purple draconian (Zot:2)
  2 spark wasps (Spider:4)
  4 hydras
  A catoblepas (Lair:6)
  2 two-headed ogres (D:9)
  5 orb spiders (Spider:4)
  3 wolf spiders
  A moth of wrath (Spider:4)
  A kobold demonologist (D:9)
  A spiny frog (Lair:3)
  3 demonic crawlers
  4 jumping spiders (Spider:4)
  6 hornets
  A dream sheep (Lair:6)
  3 blink frogs (Lair:3)
  6 tarantellas
  5 redbacks
  A basilisk (Lair:3)
  A vampire mosquito (Spider:4)
  A sky beast (D:9)
  2 killer bees (D:9)
  An electric eel (Spider:4)
  A crimson imp (D:9)
  A hound zombie (D:9)
  A hound skeleton (D:9)
60 creatures vanquished.

Vanquished Creatures (others)
  An iron dragon (Vaults:5)
  An ice dragon (D:15)
  A merfolk aquamancer (Shoals:4)
  A two-headed ogre (Depths:3)
  2 wolf spiders
  An ugly thing (Depths:1)
  A moth of wrath (Zot:5)
  A yaktaur (shapeshifter) (Vaults:5)
  A fire elemental (D:15)
  A crimson imp (D:12)
  A lurking horror (Abyss:4)
  7 plants
  2 starspawn tentacles (Abyss:4)
  19 tentacles (Shoals:2)
40 creatures vanquished.

Grand Total: 1670 creatures vanquished

Notes
Turn   | Place    | Note
-------+----------+-------------------------------------------
     0 | D:1      | FastMan the Deep Dwarf Fighter began the quest for the Orb.
     0 | D:1      | Reached XP level 1. HP: 20/20 MP: 1/1
   141 | D:1      | Reached XP level 2. HP: 24/27 MP: 2/2
   318 | D:2      | Reached skill level 3 in Fighting
   424 | D:2      | Reached XP level 3. HP: 23/34 MP: 3/3
   558 | D:2      | Reached XP level 4. HP: 34/42 MP: 4/4
   638 | D:2      | Found a burning altar of Makhleb.
   648 | D:2      | Reached skill level 5 in Axes
   648 | D:2      | Reached XP level 5. HP: 40/50 MP: 5/5
   659 | D:2      | Became a worshipper of Makhleb the Destroyer
   762 | D:2      | Found an opulent altar of Gozag.
  1086 | D:3      | Noticed Jessica
  1097 | D:3      | Killed Jessica
  1097 | D:3      | Reached skill level 4 in Fighting
  1178 | D:3      | Found a faded altar of an unknown god.
  1237 | D:3      | Reached XP level 6. HP: 57/57 MP: 6/6
  1267 | D:3      | Reached * piety under Makhleb
  2065 | D:4      | Reached XP level 7. HP: 43/66 MP: 7/7
  2199 | D:4      | Found a radiant altar of Vehumet.
  2397 | D:5      | Entered Level 5 of the Dungeon
  2458 | D:5      | Reached ** piety under Makhleb
  2494 | D:5      | Reached skill level 5 in Fighting
  3040 | D:6      | Reached XP level 8. HP: 50/75 MP: 8/8
  3100 | D:6      | Noticed Menkaure
  3115 | D:6      | Killed Menkaure
  3145 | D:6      | Found a blossoming altar of Fedhas.
  3155 | D:6      | Noticed Pikel
  3163 | D:6      | Reached skill level 1 in Invocations
  3171 | D:6      | Killed Pikel
  3171 | D:6      | Reached skill level 6 in Fighting
  3325 | D:7      | Reached skill level 10 in Axes
  3326 | D:7      | Gained mutation: You passively map the area around you. [Deep Dwarf growth]
  3326 | D:7      | Reached XP level 9. HP: 84/84 MP: 10/10
  3331 | D:7      | Reached *** piety under Makhleb
  3344 | D:7      | Found a staircase to the Ecumenical Temple.
  3421 | D:7      | Found a shadowy altar of Dithmenos.
  3486 | D:8      | Noticed a brown ugly thing
  3501 | D:8      | Found a hazy altar of Hepliaklqana.
  3535 | D:8      | Reached skill level 5 in Armour
  3892 | D:8      | Found a sacrificial altar of Ru.
  3970 | D:8      | Reached **** piety under Makhleb
  4020 | D:8      | Noticed a komodo dragon
  4046 | D:8      | Killed a komodo dragon
  4055 | D:8      | Killed a brown ugly thing
  4264 | D:9      | Reached XP level 10. HP: 60/92 MP: 7/7
  4477 | D:9      | Noticed a two-headed ogre
  4491 | D:9      | Killed a two-headed ogre
  4504 | D:9      | Got a pair of spiked gloves
  4580 | D:9      | Killed an unseen horror
  4616 | D:9      | Identified the +0 pair of gloves of Tempters {rC+ MR+} (You found it on level 9 of the Dungeon)
  4656 | D:9      | Noticed a two-headed ogre
  4679 | D:9      | Killed a two-headed ogre
  4854 | D:9      | Reached skill level 15 in Axes
  5011 | D:9      | Noticed a two-headed ogre
  5021 | D:9      | Killed a two-headed ogre
  5021 | D:9      | Reached XP level 11. HP: 84/99 MP: 7/7
  5134 | D:9      | Found a bloodstained altar of Trog.
  5271 | D:9      | Found Rajiecwel's Antique Armour Shop.
  5279 | D:9      | Bought a runed helmet for 187 gold pieces
  5279 | D:9      | Bought an embroidered scarf for 200 gold pieces
  5526 | D:10     | Entered Level 10 of the Dungeon
  5995 | D:10     | Found a staircase to the Lair.
  6145 | D:10     | Noticed a red ugly thing
  6156 | D:10     | Killed a red ugly thing
  6555 | Lair:1   | Entered Level 1 of the Lair of Beasts
  6619 | Lair:1   | Noticed a five-headed hydra
  6629 | Lair:1   | Killed a six-headed hydra
  7107 | Lair:2   | Reached skill level 7 in Fighting
  7567 | Lair:3   | Noticed a seven-headed hydra
  7585 | Lair:3   | Killed a nine-headed hydra
  7661 | Lair:3   | Found a hole to the Spider Nest.
  7661 | Lair:3   | Noticed a four-headed hydra
  7707 | Lair:3   | Killed a nine-headed hydra
  7811 | Lair:3   | Reached XP level 12. HP: 69/110 MP: 8/8
  8171 | Lair:4   | Found a snail-covered altar of Cheibriados.
  8178 | Lair:4   | Reached skill level 8 in Fighting
  8248 | Lair:4   | Found a staircase to the Shoals.
  8305 | Lair:4   | Noticed Urug
  8314 | Lair:4   | Killed Urug
  8336 | Lair:4   | Noticed Snorg
  8345 | Lair:4   | Killed Snorg
  8972 | Lair:5   | Reached skill level 9 in Fighting
  9206 | Lair:5   | Got a scintillating lapis lazuli ring
  9208 | Lair:5   | Identified the ring "Intuob" {+Fly rElec rN+++ Str+3 Int-2} (You found it on level 5 of the Lair of Beasts)
  9310 | Lair:5   | Reached XP level 13. HP: 121/121 MP: 9/9
  9335 | Lair:5   | Got a shimmering brass amulet
  9337 | Lair:5   | Identified the amulet "Ahiosubi" {Faith Int-3 Dex+3 Stlth+} (You found it on level 5 of the Lair of Beasts)
  9609 | Lair:6   | Entered Level 6 of the Lair of Beasts
  9638 | Lair:6   | Found an ancient bone altar of Kikubaaqudgha.
  9848 | Lair:6   | Reached ***** piety under Makhleb
  9894 | Lair:6   | Found a staircase to the Slime Pits.
 10019 | Lair:6   | Reached skill level 10 in Armour
 10390 | Lair:6   | Reached skill level 10 in Fighting
 10786 | Spider:1 | Entered Level 1 of the Spider Nest
 10786 | Spider:1 | Noticed an emperor scorpion
 10786 | Spider:1 | Noticed an entropy weaver
 11051 | Lair:3   | Killed an entropy weaver
 11176 | Spider:1 | Gained mutation: You resist negative energy. (rN+) [Deep Dwarf growth]
 11176 | Spider:1 | Reached XP level 14. HP: 78/133 MP: 6/6
 11425 | Spider:2 | Reached skill level 1 in Dodging
 11543 | Spider:2 | Reached skill level 5 in Invocations
 11642 | Spider:2 | Noticed an entropy weaver
 11653 | Spider:2 | Noticed an emperor scorpion
 11662 | Spider:2 | Killed an entropy weaver
 11760 | Spider:2 | Killed an emperor scorpion
 12095 | Spider:3 | Noticed a ghost moth
 12108 | Spider:3 | Killed a ghost moth
 12174 | Spider:3 | Noticed an emperor scorpion
 12197 | Spider:3 | Killed an emperor scorpion
 12404 | Spider:3 | Reached ****** piety under Makhleb
 12534 | Spider:3 | Noticed a ghost moth
 12546 | Spider:3 | Killed a ghost moth
 12606 | Spider:4 | Entered Level 4 of the Spider Nest
 12764 | Spider:4 | Reached skill level 11 in Fighting
 12806 | Spider:4 | Reached skill level 5 in Dodging
 12879 | Spider:4 | Reached XP level 15. HP: 117/141 MP: 6/6
 12938 | Spider:4 | Noticed a ghost moth
 12956 | Spider:4 | Killed a ghost moth
 13543 | Spider:4 | Noticed a ghost moth
 13547 | Spider:4 | Noticed a ghost moth
 13557 | Spider:4 | Killed a ghost moth
 13566 | Spider:4 | Killed a ghost moth
 13608 | Spider:4 | Got a gossamer rune of Zot
 13949 | D:9      | Bought a shiny plate armour for 650 gold pieces
 14125 | Shoals:1 | Entered Level 1 of the Shoals
 14165 | Shoals:1 | Reached skill level 12 in Fighting
 14741 | Shoals:2 | Reached skill level 10 in Invocations
 14800 | Shoals:2 | Noticed a kraken
 14812 | Shoals:2 | Noticed a kraken
 14838 | Shoals:4 | Entered Level 4 of the Shoals
 14868 | Shoals:4 | Found a flickering gateway to a bazaar.
 14902 | Bazaar   | Entered a bazaar
 14906 | Bazaar   | Found Cipamoa's Jewellery Boutique.
 14924 | Bazaar   | Found Nuonaong's Assorted Antiques.
 14941 | Bazaar   | Found Howohoz's Book Boutique.
 14958 | Bazaar   | Found Mottarozue's Gadget Shoppe.
 14995 | Bazaar   | Bought a scroll of fog for 28 gold pieces
 14995 | Bazaar   | Bought a scroll of fear for 49 gold pieces
 14995 | Bazaar   | Bought a purple potion for 12 gold pieces
 15129 | Shoals:4 | Reached XP level 16. HP: 154/154 MP: 7/7
 15143 | Shoals:4 | Reached skill level 13 in Fighting
 15154 | Shoals:4 | Got a barnacled rune of Zot
 15665 | D:11     | Found an opulent altar of Gozag.
 15720 | D:11     | Found a portal to a secret trove of treasure.
 16085 | D:12     | Noticed Erolcha
 16094 | D:12     | Killed Erolcha
 16114 | D:12     | Found an opulent altar of Gozag.
 16131 | D:12     | Noticed Fannar
 16140 | D:12     | Killed Fannar
 16164 | D:12     | Found a staircase to the Orcish Mines.
 16993 | D:13     | Found a gate to the Vaults.
 17311 | Vaults:1 | Entered Level 1 of the Vaults
 17611 | Vaults:1 | Reached skill level 14 in Fighting
 18062 | Vaults:1 | Reached XP level 17. HP: 118/168 MP: 9/9
 18096 | Vaults:1 | Reached skill level 10 in Dodging
 18464 | Vaults:2 | Found a staircase to the Crypt.
 18527 | Vaults:2 | Noticed Saint Roka
 18554 | Vaults:2 | Killed Saint Roka
 19106 | Vaults:2 | Reached skill level 15 in Fighting
 20129 | Vaults:3 | Noticed a tentacled monstrosity
 20138 | Vaults:3 | Killed a tentacled monstrosity
 20154 | Vaults:3 | Reached skill level 15 in Armour
 20451 | Vaults:3 | Gained mutation: You passively map a large area around you. [Deep Dwarf growth]
 20451 | Vaults:3 | Reached XP level 18. HP: 180/180 MP: 10/10
 21279 | Vaults:4 | Found Ovatisch's Antique Weapon Shoppe.
 21360 | Vaults:4 | Reached skill level 16 in Fighting
 22036 | Vaults:5 | Entered Level 5 of the Vaults
 22062 | Vaults:5 | Reached XP level 19. HP: 190/190 MP: 11/11
 22173 | Vaults:5 | Reached skill level 15 in Invocations
 22200 | Vaults:5 | Noticed a golden dragon
 22210 | Vaults:5 | Noticed a golden dragon
 22210 | Vaults:5 | Killed a golden dragon
 22230 | Vaults:5 | Killed a golden dragon
 22230 | Vaults:5 | Reached skill level 17 in Fighting
 22236 | Vaults:5 | Noticed a Brimstone Fiend
 22373 | Vaults:5 | Got a silver rune of Zot
 22412 | Vaults:5 | Reached XP level 20. HP: 164/201 MP: 10/10
 22758 | D:14     | Reached skill level 15 in Dodging
 22836 | D:15     | Entered Level 15 of the Dungeon
 23023 | D:15     | Found a staircase to the Depths.
 23126 | D:15     | Noticed Azrael
 23136 | D:15     | Killed Azrael
 23247 | D:15     | Identified the Compendium of the Venomous Mountains
 23519 | D:15     | Noticed Josephine
 23530 | D:15     | Killed Josephine
 23760 | Depths:1 | Entered Level 1 of the Depths
 23775 | Depths:1 | Reached skill level 18 in Fighting
 23860 | Depths:1 | Found Xiyph's Jewellery Boutique.
 24123 | Depths:1 | Found Icleam's General Store.
 24167 | Depths:1 | Found a one-way gate to the infinite horrors of the Abyss.
 24176 | Depths:1 | Bought a potion of resistance for 190 gold pieces
 24231 | Depths:2 | Gained mutation: You expend magic power (3 MP) to strengthen your wands. [a cacodemon]
 24233 | Depths:2 | Gained mutation: Your mind is acute. (Int +2) [a cacodemon]
 24368 | Depths:3 | Noticed MajorBinkx's ghost (veteran FoAK)
 24370 | Depths:3 | Cast into level 4 of the Abyss (MajorBinkx's ghost)
 24370 | Abyss:4  | Found a corrupted altar of Lugonu.
 24499 | Abyss:4  | Gained mutation: Armour fits poorly on your strangely shaped body. [a neqoxec]
 24523 | Abyss:4  | Found a runed door.
 24534 | Abyss:4  | Found a runed door.
 24536 | Abyss:4  | Found a runed door.
 24555 | Abyss:4  | Found a runed door.
 24557 | Abyss:4  | Found a runed door.
 24558 | Abyss:4  | Found a runed door.
 24594 | Abyss:4  | Found a runed door.
 24594 | Abyss:4  | Found a runed door.
 24600 | Abyss:4  | Found a runed door.
 24605 | Abyss:4  | Reached XP level 21. HP: 142/213 MP: 10/10
 24646 | Abyss:4  | Found a corrupted altar of Lugonu.
 24670 | Abyss:4  | Got an abyssal rune of Zot
 24675 | Abyss:4  | Found a runed door.
 24679 | Abyss:4  | Found a runed door.
 24681 | Depths:3 | Escaped the Abyss
 24781 | Depths:2 | Reached skill level 19 in Fighting
 24856 | Depths:2 | Found a gateway to Hell.
 24928 | Depths:2 | Found a glowing silver altar of Zin.
 25056 | Depths:3 | Found a one-way gate leading to the halls of Pandemonium.
 25079 | Depths:3 | Found Baetiam's Antique Armour Emporium.
 25082 | Depths:3 | Found Romudgho's Book Shoppe.
 25082 | Depths:3 | Found Fefradoe's Magic Scroll Emporium.
 25085 | Depths:3 | Found Jieceir's Distillery.
 25113 | Depths:3 | Bought a scroll of brand weapon for 500 gold pieces
 25113 | Depths:3 | Bought a scroll of brand weapon for 500 gold pieces
 25122 | Depths:3 | Bought a potion of heal wounds for 80 gold pieces
 25122 | Depths:3 | Bought a potion of haste for 160 gold pieces
 25122 | Depths:3 | Bought a potion of heal wounds for 80 gold pieces
 25122 | Depths:3 | Bought a potion of haste for 160 gold pieces
 25286 | Depths:4 | Noticed Jory
 25325 | Depths:4 | Killed Jory
 25851 | Depths:4 | Noticed a golden dragon
 25914 | Depths:4 | Noticed a juggernaut
 25925 | Depths:4 | Noticed a caustic shrike
 25935 | Depths:4 | Noticed a juggernaut
 25944 | Depths:4 | Killed a juggernaut
 25970 | Depths:4 | Killed a caustic shrike
 25995 | Depths:4 | Killed a juggernaut
 25995 | Depths:4 | Reached XP level 22. HP: 162/228 MP: 3/11
 26003 | Depths:4 | Reached skill level 20 in Fighting
 26014 | Depths:4 | Noticed a golden dragon
 26047 | Depths:4 | Killed a golden dragon
 26418 | Depths:5 | Entered Level 5 of the Depths
 26418 | Depths:5 | Noticed Margery
 26434 | Depths:5 | Killed Margery
 26663 | Depths:5 | Found a gate to the Realm of Zot.
 26663 | Depths:5 | Noticed a golden dragon
 26663 | Depths:5 | Noticed a golden dragon
 26673 | Depths:5 | Killed a golden dragon
 26678 | Depths:5 | Killed a golden dragon
 27303 | Zot:1    | Entered Level 1 of the Realm of Zot
 27318 | Zot:2    | Reached skill level 21 in Fighting
 27369 | Zot:3    | Noticed a golden dragon
 27489 | Zot:3    | Killed a golden dragon
 27489 | Zot:3    | Reached XP level 23. HP: 240/240 MP: 12/12
 27594 | Zot:5    | Entered Level 5 of the Realm of Zot
 27672 | Zot:5    | Noticed an ancient lich
 27686 | Zot:5    | Killed an ancient lich
 27869 | Zot:5    | Noticed an ancient lich
 27880 | Zot:5    | Killed an ancient lich
 27935 | Zot:5    | Noticed an ancient lich
 27943 | Zot:5    | Killed an ancient lich
 27954 | Zot:5    | Noticed an ancient lich
 27955 | Zot:5    | HP: 11/242 [Orb Guardian (29)]
 27955 | Zot:5    | Annihilated by an Orb Guardian

Vault maps used:
D:1:      dpeg_arrival_connections
D:2:      cheibrodos_pilgrimage, nicolae_gozag_cash_rules_everything_around_me,
          gammafunk_temple_overflow_elements, first_bread,
          makhleb_blood_cavern_becter
D:3:      chequers_ecumenical_altar_grove, uniq_jessica
D:4:      vehumet_statue
D:5:      corexii_leaking_fountain, serial_park_tiny_2, grunt_decor_one_mirror
D:6:      fedhas_altar_2, uniq_pikel, uniq_menkaure
D:7:      kennysheep_mini_moat, minmay_temple_entry_overgrown,
          lightli_ossuary_entry_decrepit_ruins
D:8:      lemuel_upstairs_altar, nicolae_ru_path_of_blood,
          nicolae_overflow_crystal_walls
D:9:      hangedman_cross_cluster, trog_ov_bears_minmay, serial_shops,
          shop_fountains, serial_bayou, serial_bayou_lagoon_a
D:10:     lair_entry_dummy, grunt_ogre_cave
D:11:     trove_entry_hex_spiral, basic_altar
D:12:     orc_0_dummy, basic_altar, serial_ice, serial_ice_i, serial_ice_f,
          serial_ice_o, serial_ice_a, worms_lemuel, uniq_fannar, uniq_erolcha
D:13:     david_vaults_1, lab_entry_generic
D:14:     bh_walls_and_bars
D:15:     grunt_enter_depths_snipers, fountainhead, minmay_the_grid_4x2,
          uniq_azrael, uniq_josephine
Lair:1:   serial_bayou_pond_b
Lair:3:   spider_nest_entry_a
Lair:4:   minmay_shoals_entry_beasts, basic_altar, uniq_urug, uniq_snorg
Lair:5:   guppyfry_lair_drakes, minmay_lair_oklob_chamber
Lair:6:   hangedman_lair_in_review, minmay_slime_entry_pillars, basic_altar,
          grunt_megastairs_2, infiniplex_staircase_pool_2
Shoals:2: nicolae_shoals_stone_sculpture_thing, nicolae_shoals_kraken_party
Shoals:3: nicolae_shoals_kraken_intersection
Shoals:4: shoals_end_simple, shoal_ilsuiw, serial_shops, bzr_entry_gold,
          uniq_polyphemus
Spider:1: cheibrodos_spider_silkery, portal_ice_cave_entry_pillars_2,
          nicolae_looking_at_the_future
Spider:4: spider_rune_water, einodemon_crawler_minivault
Vaults:1: hangedman_vaults_slice, vaults_room_pools, v_misc_1, v_pattern_4,
          grunt_vaults_diagonal, hangedman_vaults_river_flow,
          vaults_dpeg_spiral, nicolae_vaults_mini_display_case,
          nicolae_vaults_hallways_thing, dpeg_vaults_monster_row,
          ontoclasm_vaults_ligature, nicolae_vaults_big_angled_halls,
          ontoclasm_vaults_ring_square, nicolae_vaults_little_squares_1
Vaults:2: ontoclasm_vaults_spin, minmay_crypt_entry_simple_statues, v_misc_17,
          vaults_room_large_hall, grunt_vaults_hallway_long, vaults_room_pool,
          nicolae_vaults_yaktaur_gun_rack, nicolae_vaults_little_squares_4,
          uniq_saint_roka
Vaults:3: vaults_room_hallway, st_lines, v_misc_22, v_misc_1, v_misc_4,
          ontoclasm_vaults_eye, ontoclasm_vaults_tryst, dpeg_vaults_monster_box
Vaults:4: nicolae_vaults_lopsided_apartments, grunt_vaults_swirl,
          grunt_vaults_funnel, hangedman_vaults_nails, v_misc_19,
          vaults_mumra_hexcomb, v_rooms_1, vaults_dpeg_hooks,
          vaults_room_stairs_pillars, nicolae_vaults_little_ls,
          ontoclasm_vaults_decontamination, v_misc_9, nicolae_vaults_theta,
          serial_shops, shop_coins
Vaults:5: serial_shops
Depths:1: abyss_entry, pf_dread_powers_of_hell, serial_sigils_hangedman_scratch,
          serial_shops, kennysheep_mini, nicolae_shop_behind_doors,
          nicolae_shop_crystal, shop, shop, hangedman_abyss_or_decor_passed,
          due_unseen_surprise, serial_bayou_shore_b
Depths:2: kennysheep_demon_jail, hell_entry, old_standard_altar,
          minmay_staircase_statues_hall_large, basic_stair_grate_trap
Depths:3: minmay_open_boxes_in_corner, minmay_strange_pillars, serial_shops,
          shop, hangedman_tar_grid_catacomb, pan_entry, door_vault,
          minmay_shoptagon
Depths:4: minmay_guarded_unrand_guard, enter_ziggurat_d, pf_coc_iceberg,
          minmay_room_of_horrors, minmay_misc_feat_iff,
          kennysheep_generic_room_5, minmay_staircase_windowed_small,
          firewood_loft, uniq_jory
Depths:5: grunt_x_marks_the_spot, rand_demon_pan_entry_1, hell_entry,
          nicolae_lava_and_water, uniq_margery
Zot:1:    circus_mu
Zot:3:    lemuel_baited_zot_trap
Zot:4:    kennysheep_six_static_rooms, st_stairs_8, hangedman_zot_wheel_spokes,
          gammafunk_the_bubble
Zot:5:    grunt_ministairs_11
Abyss:4:  evilmike_nicolae_abyss_rune_containment_curve
Bazaar:   bazaar_jpeg_circle_common

Skill      XL: |  1  2  3  4  5  6  7  8  9 10 11 12 13 14 15 16 17 18 19 20 21 22 |
---------------+-------------------------------------------------------------------+-----
Axes           | 3 4 5 7 8 10 12 15 17 18 19 20 | 20.4
Fighting       | 3 4 5 6 7 9 10 11 12 14 15 16 17 18 19 21 | 21.8
Invocations    | 3 4 7 10 12 13 14 15 | 15.6
Armour         | 4 5 7 9 10 12 13 14 15 16 17 18 19 20 | 20.9
Dodging        | 5 7 9 11 13 14 15 17 18 | 18.7
Shields        | |  3.2

Action                   |  1- 3 |  4- 6 |  7- 9 | 10-12 | 13-15 | 16-18 | 19-21 | 22-24 || total
-------------------------+-------+-------+-------+-------+-------+-------+-------+-------++-------
Melee: War axe           |    95 |   176 |   222 |       |       |       |       |       ||   493
       Battleaxe         |       |       |    97 |   606 |  1019 |  1186 |  1255 |   512 ||  4675
Invok: Lesser Servant of |       |       |     2 |    13 |    28 |     3 |       |       ||    46
       Greater Servant o |       |       |       |       |     2 |       |       |     2 ||     4
 Abil: Heal Wounds       |     2 |     4 |    17 |    17 |    38 |     8 |    13 |     2 ||   101
  Use: Scroll            |       |     7 |     8 |    17 |    14 |     8 |     9 |     9 ||    72
       Potion            |       |       |     3 |     1 |     7 |     2 |     3 |     4 ||    20
 Stab: Invisible         |       |       |     5 |       |       |       |       |       ||     5
       Petrified         |       |       |       |       |     4 |       |       |       ||     4
       Petrifying        |       |       |       |       |     1 |       |       |       ||     1
       Distracted        |       |       |       |       |     6 |     1 |     2 |       ||     9
       Sleeping          |       |       |       |       |     5 |       |       |       ||     5
  Eat: Chunk             |       |     4 |     8 |    34 |     8 |    24 |    16 |     2 ||    96
       Bread ration      |       |       |       |       |     1 |       |       |     2 ||     3
Armor: Scale mail        |    48 |    96 |   127 |       |       |       |       |       ||   271
       Plate armour      |       |       |   118 |   607 |   295 |   379 |   208 |       ||  1607
       Shadow dragon sca |       |       |       |       |   584 |       |       |       ||   584
       Gold dragon scale |       |       |       |       |       |       |   398 |   318 ||   716
Dodge: Dodged            |    39 |    43 |   120 |   437 |  1019 |   871 |  1171 |   606 ||  4306
Block: Shield            |    57 |    80 |   110 |       |       |       |       |       ||   247
       Rpst.: Battleaxe  |       |       |       |       |       |   181 |   208 |   112 ||   501
